[Event "2nd Sparkasse Trophy Harrwitz Memorial"]
[Site "Bolzano"]
[Date "2025.04.26"]
[Round "4.5"]
[White "Sbarra, Marco"]
[Black "Olivetti, Davide"]
[Result "1/2-1/2"]
[Annotator "ChessBase"]
[ECO "E93"]
[WhiteElo "2125"]
[BlackElo "2224"]
[PlyCount "57"]
[EventDate "2025.04.19"]
[EventType "swiss"]
[EventCountry "ITA"]
[SourceTitle "playchess.com"]
[Source "ChessBase"]
[SourceQuality "1"]
[TimeControl "40/5400+30:900+30"]

1. d4 Nf6 2. c4 g6 3. Nc3 Bg7 4. e4 O-O 5. Be2 d6 6. Nf3 Nbd7 7. h3 e5 8. d5 Nc5 9. Qc2 a5 10. Bg5 Bd7 11. Nd2 Qe8 12. Nb5 Qb8 13. O-O Ne8 14. Be7 Bh6 15. Rfd1 f5 16. Bxf8 Kxf8 17. Nc3 Nf6 18. Bd3 f4 19. Bf1 g5 20. g4 Kf7 21. Nb3 Bf8 22. Nxc5 dxc5 23. Qe2 Bd6 24. Nb5 Bxb5 25. cxb5 Nd7 26. h4 Qg8 27. h5 Nb6 28. Rdc1 Qf8 29. Qc2 1/2-1/2

[Event "2nd Sparkasse Trophy Harrwitz Memorial"]
[Site "Bolzano"]
[Date "2025.04.26"]
[Round "4.6"]
[White "Unterweger, Jonas"]
[Black "Di Liberto, Michele"]
[Result "1-0"]
[Annotator "ChessBase"]
[ECO "D02"]
[WhiteElo "2109"]
[BlackElo "2106"]
[PlyCount "87"]
[EventDate "2025.04.19"]
[EventType "swiss"]
[EventCountry "ITA"]
[SourceTitle "playchess.com"]
[Source "ChessBase"]
[SourceQuality "1"]
[TimeControl "40/5400+30:900+30"]

1. d4 Nf6 2. Nf3 e6 3. Bf4 c5 4. e3 d5 5. c3 Qb6 6. Qc2 Nbd7 7. Nbd2 Bd6 8. Bg3 Qc7 9. Bd3 e5 10. dxe5 Nxe5 11. Nxe5 Bxe5 12. Bxe5 Qxe5 13. Nf3 Qe7 14. O-O O-O 15. c4 Be6 16. Ng5 g6 17. Nxe6 fxe6 18. cxd5 exd5 19. Rac1 Rac8 20. h3 a6 21. a4 Rfe8 22. Rfd1 Kg7 23. Bf1 Qe5 24. g3 Qf5 25. Bg2 Qxc2 26. Rxc2 Red8 27. g4 g5 28. Rcd2 Rc7 29. a5 Rcd7 30. Rc2 Rc8 31. b3 h6 32. Kh2 Kf7 33. Kg3 Ke6 34. h4 Rg7 35. hxg5 Rxg5 36. Bh3 Rcg8 37. f3 h5 38. f4 h4+ 39. Kf3 Rxg4 40. Rg2 Kf5 41. Rdg1 Re8 42. Bxg4+ Nxg4 43. Rxg4 d4 44. e4+ 1-0

[Event "2nd Sparkasse Trophy Harrwitz Memorial"]
[Site "Bolzano"]
[Date "2025.04.27"]
[Round "5.1"]
[White "Csontos, Aron"]
[Black "Spornberger, Andre"]
[Result "1-0"]
[Annotator "ChessBase"]
[ECO "C05"]
[WhiteElo "2262"]
[BlackElo "2233"]
[PlyCount "87"]
[EventDate "2025.04.19"]
[EventType "swiss"]
[EventCountry "ITA"]
[SourceTitle "playchess.com"]
[Source "ChessBase"]
[SourceQuality "1"]
[TimeControl "40/5400+30:900+30"]

1. e4 e6 2. d4 d5 3. Nd2 Nf6 4. e5 Nfd7 5. c3 c5 6. f4 cxd4 7. cxd4 Nc6 8. Ndf3 Qb6 9. g3 Bb4+ 10. Kf2 g5 11. Be3 f6 12. Bh3 gxf4 13. gxf4 fxe5 14. fxe5 Nf8 15. Ne2 Ng6 16. Rc1 Be7 17. Qd2 Bd7 18. Nc3 Na5 19. b3 Bb4 20. Qd3 Rf8 21. Bg4 Ba3 22. Bh5 Rf5 23. Qxf5 exf5 24. Nxd5 Bxc1 25. Rxc1 Qd8 26. Bg5 Qc8 27. Rxc8+ Rxc8 28. Nf6+ Ke7 29. Nxh7+ Kf7 30. e6+ Bxe6 31. Ne5+ Kg7 32. Bxg6 Nc6 33. Bf6+ Kh6 34. Ng5 Nxe5 35. dxe5 Rc2+ 36. Kg3 Kxg6 37. Nxe6 Rxa2 38. Nf4+ Kf7 39. Bg5 Ke8 40. e6 Ra6 41. Nh5 Kf8 42. e7+ Kf7 43. Ng7 f4+ 44. Kf3 1-0

[Event "2nd Sparkasse Trophy Harrwitz Memorial"]
[Site "Bolzano"]
[Date "2025.04.27"]
[Round "5.2"]
[White "Hofegger, Jakob"]
[Black "Bonagura, Stefano"]
[Result "1/2-1/2"]
[Annotator "ChessBase"]
[ECO "A07"]
[WhiteElo "2142"]
[BlackElo "2199"]
[PlyCount "57"]
[EventDate "2025.04.19"]
[EventType "swiss"]
[EventCountry "ITA"]
[SourceTitle "playchess.com"]
[Source "ChessBase"]
[SourceQuality "1"]
[TimeControl "40/5400+30:900+30"]

1. Nf3 d5 2. g3 c6 3. Bg2 Bg4 4. O-O Nd7 5. d3 e6 6. Nbd2 Bd6 7. h3 Bh5 8. e4 Ne7 9. Qe1 O-O 10. b3 a5 11. a3 b5 12. Bb2 Rc8 13. Kh1 a4 14. bxa4 bxa4 15. Nh4 e5 16. f4 f6 17. g4 Bf7 18. g5 fxg5 19. fxe5 Bxe5 20. Bxe5 Nxe5 21. Qg3 gxh4 22. Qxe5 Ng6 23. Qd4 Qg5 24. Rf2 Be6 25. Raf1 Qg3 26. Rxf8+ Rxf8 27. Rxf8+ Nxf8 28. Nf1 Qd6 29. Qxa4 1/2-1/2

[Event "2nd Sparkasse Trophy Harrwitz Memorial"]
[Site "Bolzano"]
[Date "2025.04.27"]
[Round "5.3"]
[White "Bodrov, Timofey"]
[Black "Casadio, Niccolo`"]
[Result "0-1"]
[Annotator "ChessBase"]
[ECO "A46"]
[WhiteElo "2113"]
[BlackElo "2268"]
[PlyCount "116"]
[EventDate "2025.04.19"]
[EventType "swiss"]
[EventCountry "ITA"]
[SourceTitle "playchess.com"]
[Source "ChessBase"]
[SourceQuality "1"]
[TimeControl "40/5400+30:900+30"]

1. d4 e6 2. Nf3 Nf6 3. Bg5 h6 4. Bh4 b6 5. e3 Bb7 6. Bd3 g5 7. Bg3 g4 8. Nh4 Rg8 9. h3 Nh5 10. hxg4 Nxg3 11. fxg3 Bd6 12. Nf3 Bxg3+ 13. Kd2 c5 14. c3 Nc6 15. Rxh6 Qe7 16. Rh3 Bc7 17. Kc2 O-O-O 18. g5 cxd4 19. exd4 Bf4 20. Nbd2 Bxg5 21. Nxg5 Rxg5 22. Be4 Rdg8 23. Bf3 f5 24. Qe2 Na5 25. d5 e5 26. b4 e4 27. bxa5 Qc5 28. Nxe4 fxe4 29. Qxe4 Bxd5 30. Qd4 Qxa5 31. Rh8 Rxh8 32. Qxh8+ Kc7 33. Qh2+ Kb7 34. Qh3 Qa4+ 35. Kd2 Qc6 36. Qh4 Rg6 37. Re1 Bxf3 38. gxf3 Qxf3 39. Qd4 Qc6 40. Kc1 Rd6 41. Qe4 Rd5 42. Kc2 a5 43. Re2 Ka7 44. c4 Qa4+ 45. Kb2 Qb4+ 46. Kc2 Rc5 47. Kd3 Qa3+ 48. Kd4 Qa4 49. Qc2 Qc6 50. Qd3 b5 51. Rc2 Kb6 52. a4 Rxc4+ 53. Rxc4 Qxc4+ 54. Qxc4 bxc4 55. Kxc4 Kc6 56. Kd4 d5 57. Kc3 Kc5 58. Kb3 Kd4 0-1

[Event "2nd Sparkasse Trophy Harrwitz Memorial"]
[Site "Bolzano"]
[Date "2025.04.27"]
[Round "5.4"]
[White "Olivetti, Davide"]
[Black "Tripi, Nicolo`"]
[Result "1-0"]
[Annotator "ChessBase"]
[ECO "B20"]
[WhiteElo "2224"]
[BlackElo "2020"]
[PlyCount "119"]
[EventDate "2025.04.19"]
[EventType "swiss"]
[EventCountry "ITA"]
[SourceTitle "playchess.com"]
[Source "ChessBase"]
[SourceQuality "1"]
[TimeControl "40/5400+30:900+30"]

1. e4 c5 2. b4 cxb4 3. a3 e6 4. axb4 Bxb4 5. c3 Bf8 6. d4 d5 7. e5 Nc6 8. Bd3 Bd7 9. Nh3 Nge7 10. O-O Nf5 11. Kh1 h5 12. Nf4 Nce7 13. Nxh5 Qc7 14. Kg1 a6 15. Ng3 g6 16. Bg5 Bg7 17. Qb3 Rc8 18. Ne2 f6 19. Bf4 fxe5 20. dxe5 Bxe5 21. Bg3 Nxg3 22. fxg3 Nf5 23. Rf3 Qc5+ 24. Kh1 Rxh2+ 25. Kxh2 Ke7 26. Nf4 Rh8+ 27. Nh3 Nxg3 28. Qa3 Nf1+ 29. Kh1 Ng3+ 30. Rxg3 Qxa3 31. Nxa3 Bxg3 32. Rf1 g5 33. Kg1 g4 34. Ng5 Bh2+ 35. Kf2 Bf4 36. Nh7 e5 37. g3 e4 38. gxf4 Rxh7 39. Be2 Rh3 40. Rg1 Rxc3 41. Nb1 Rc2 42. Ke3 d4+ 43. Kxd4 Rxe2 44. Nc3 Rd2+ 45. Ke5 e3 46. Nd5+ Rxd5+ 47. Kxd5 e2 48. Ke5 g3 49. f5 Bxf5 50. Kxf5 g2 51. Ke4 Kd6 52. Kd3 Kc5 53. Kxe2 Kc4 54. Kd2 Kb3 55. Kc1 b5 56. Kb1 a5 57. Rxg2 b4 58. Rg3+ Kc4 59. Kb2 a4 60. Rg5 1-0

[Event "2nd Sparkasse Trophy Harrwitz Memorial"]
[Site "Bolzano"]
[Date "2025.04.27"]
[Round "5.5"]
[White "De Vita, Gianni"]
[Black "Radice, Luca"]
[Result "1/2-1/2"]
[Annotator "NA"]
[ECO "C01"]
[WhiteElo "1975"]
[BlackElo "1963"]
[PlyCount "120"]
[EventDate "2025.04.19"]
[EventType "swiss"]
[EventCountry "ITA"]
[SourceTitle "playchess.com"]
[Source "ChessBase"]
[SourceQuality "1"]
[TimeControl "40/5400+30:900+30"]

1. e4 e6 2. d4 d5 3. exd5 exd5 4. Nf3 Nc6 5. Bd3 Bd6 6. O-O Bg4 7. Re1+ Nge7 8. c3 Qd7 9. Nbd2 O-O-O 10. a4 f6 11. a5 g5 12. a6 b6 13. Bb5 Bf4 14. Rxe7 Qxe7 15. Bxc6 Bxh2+ 16. Kh1 Bf4 17. Ne5 fxe5 18. Qxg4+ Kb8 19. Nf3 h5 20. Qf5 Rhf8 21. Qc2 g4 22. Bxf4 gxf3 23. Bxe5 fxg2+ 24. Kg1 Qh4 25. Bh2 Rf3 26. Qe2 Rdf8 27. Re1 Qxf2+ 28. Qxf2 Rxf2 29. Re8+ Rxe8 30. Kxf2 Rg8 31. Bxd5 Rg5 32. Bxg2 Ra5 33. Bb7 Ra2 34. Be5 Rxb2+ 35. Ke3 Rb1 36. d5 Re1+ 37. Kf4 Rd1 38. Kf5 h4 39. Ke6 Re1 40. d6 cxd6 41. Kxd6 b5 42. Ke6+ Rxe5+ 43. Kxe5 Kc7 44. Kf4 Kb6 45. Kg4 Kc5 46. Bc8 b4 47. cxb4+ Kxb4 48. Bf5 Ka5 49. Bd3 Kb6 50. Kxh4 Kc7 51. Kg5 Kb8 52. Kf6 Kc7 53. Ke7 Kc8 54. Kd6 Kb8 55. Be4 Kc8 56. Bf5+ Kb8 57. Kc6 Ka8 58. Be4 Kb8 59. Bg2 Kc8 60. Kd6 Kb8 1/2-1/2

[Event "2nd Sparkasse Trophy Harrwitz Memorial"]
[Site "Bolzano"]
[Date "2025.04.27"]
[Round "5.6"]
[White "Valente, Luca"]
[Black "Gil, Arthur"]
[Result "0-1"]
[Annotator "NA"]
[ECO "A05"]
[WhiteElo "1885"]
[BlackElo "1937"]
[PlyCount "76"]
[EventDate "2025.04.19"]
[EventType "swiss"]
[EventCountry "ITA"]
[SourceTitle "playchess.com"]
[Source "ChessBase"]
[SourceQuality "1"]
[TimeControl "40/5400+30:900+30"]

1. Nf3 Nf6 2. b3 g6 3. g3 Bg7 4. Bb2 O-O 5. Bg2 d5 6. c4 c5 7. cxd5 Nxd5 8. Bxg7 Kxg7 9. O-O Nc6 10. d4 cxd4 11. Nxd4 e5 12. Nxc6 bxc6 13. Qc1 Be6 14. Nc3 Qa5 15. Ne4 Rfd8 16. Nc5 Bc8 17. Re1 Rb8 18. a3 Qb5 19. e4 Nc7 20. Qc3 f6 21. Bf1 Qb6 22. Rad1 Bg4 23. Rxd8 Rxd8 24. h3 Bc8 25. Rc1 Nb5 26. Bxb5 Qxb5 27. Kg2 Rd4 28. b4 h5 29. Rc2 a5 30. Rd2 axb4 31. axb4 Rxb4 32. Rd8 Bxh3+ 33. Kxh3 Qf1+ 34. Kh2 Qxf2+ 35. Kh3 Rb2 36. Ne6+ Kh7 37. Nf8+ Kh6 38. Qc1+ g5 0-1

[Event "2nd Sparkasse Trophy Harrwitz Memorial"]
[Site "Bolzano"]
[Date "2025.04.27"]
[Round "6.1"]
[White "Olivetti, Davide"]
[Black "Csontos, Aron"]
[Result "1-0"]
[Annotator "ChessBase"]
[ECO "A25"]
[WhiteElo "2224"]
[BlackElo "2262"]
[PlyCount "83"]
[EventDate "2025.04.19"]
[EventType "swiss"]
[EventCountry "ITA"]
[SourceTitle "playchess.com"]
[Source "ChessBase"]
[SourceQuality "1"]
[TimeControl "40/5400+30:900+30"]

1. c4 e5 2. g3 Nc6 3. Bg2 Bc5 4. Nc3 a6 5. e3 d6 6. Nge2 Ba7 7. d4 exd4 8. exd4 Nge7 9. O-O O-O 10. b3 Rb8 11. Bb2 b5 12. cxb5 axb5 13. Qd2 b4 14. Nd1 Ba6 15. Re1 Qd7 16. Ne3 Ng6 17. h4 h6 18. Kh2 f5 19. Rac1 f4 20. Bxc6 fxe3 21. Qxe3 Qf5 22. f4 d5 23. Ng1 Bc8 24. Qf3 Bb7 25. Bxb7 Rxb7 26. h5 Nh8 27. Re5 Qc8 28. Qxd5+ Nf7 29. Re7 c6 30. Rxb7 Qxb7 31. Qxc6 Qb8 32. Nf3 Re8 33. Re1 Rc8 34. Qe4 Qb5 35. d5 Qb6 36. Re2 Qb5 37. Nd4 Qc5 38. Rc2 Qf8 39. Rxc8 Qxc8 40. Nc6 Bc5 41. Qe6 Qa6 42. Ne7+ 1-0

[Event "2nd Sparkasse Trophy Harrwitz Memorial"]
[Site "Bolzano"]
[Date "2025.04.27"]
[Round "6.2"]
[White "Casadio, Niccolo`"]
[Black "Bonagura, Stefano"]
[Result "1-0"]
[Annotator "ChessBase"]
[ECO "C54"]
[WhiteElo "2268"]
[BlackElo "2199"]
[PlyCount "81"]
[EventDate "2025.04.19"]
[EventType "swiss"]
[EventCountry "ITA"]
[SourceTitle "playchess.com"]
[Source "ChessBase"]
[SourceQuality "1"]
[TimeControl "40/5400+30:900+30"]

1. e4 e5 2. Nf3 Nc6 3. Bc4 Bc5 4. O-O Nf6 5. d3 O-O 6. c3 d5 7. exd5 Nxd5 8. a4 Bg4 9. h3 Bh5 10. Nbd2 Nb6 11. Bb5 a5 12. Re1 Bd6 13. Ne4 f5 14. Ng3 Bxf3 15. Qxf3 Qd7 16. Be3 e4 17. Qh5 f4 18. Bxb6 fxg3 19. Bd4 Nxd4 20. Bxd7 gxf2+ 21. Kh1 Nc2 22. Rf1 Nxa1 23. Be6+ Kh8 24. Bf5 Rxf5 25. Qxf5 e3 26. Qe4 Nc2 27. d4 Bg3 28. Qxc2 Re8 29. Qe2 g6 30. b4 b6 31. bxa5 bxa5 32. c4 Kg7 33. d5 Re4 34. c5 Bf4 35. g3 Bxg3 36. Kg2 Bh4 37. d6 cxd6 38. cxd6 Kf6 39. d7 Kf5 40. Rd1 Bd8 41. Rd3 1-0

[Event "2nd Sparkasse Trophy Harrwitz Memorial"]
[Site "Bolzano"]
[Date "2025.04.27"]
[Round "6.3"]
[White "Spornberger, Andre"]
[Black "Hofegger, Jakob"]
[Result "1/2-1/2"]
[Annotator "ChessBase"]
[ECO "A48"]
[WhiteElo "2233"]
[BlackElo "2142"]
[PlyCount "149"]
[EventDate "2025.04.19"]
[EventType "swiss"]
[EventCountry "ITA"]
[SourceTitle "playchess.com"]
[Source "ChessBase"]
[SourceQuality "1"]
[TimeControl "40/5400+30:900+30"]

1. d4 Nf6 2. Bf4 g6 3. e3 Bg7 4. Nf3 O-O 5. h3 d6 6. Be2 Nbd7 7. O-O b6 8. Nbd2 Bb7 9. Bh2 Qe8 10. c4 e5 11. Nb3 Ne4 12. Nfd2 Nxd2 13. Qxd2 Qe7 14. Rfe1 a5 15. a4 Qg5 16. Bf1 exd4 17. Nxd4 Nc5 18. Ra3 Qf6 19. Nb5 Rac8 20. Ra2 Rfe8 21. Nc3 Ne4 22. Nxe4 Bxe4 23. Bd3 Bc6 24. b3 Qg5 25. Bf1 Qc5 26. Rc2 Qa3 27. Rb1 Rcd8 28. Bf4 Bf6 29. Be2 Qc5 30. Qd1 Be5 31. Bxe5 Rxe5 32. Bf3 Rde8 33. Rd2 Bxf3 34. Qxf3 Qb4 35. Rd3 Re4 36. Rbd1 Kg7 37. Qe2 Kg8 38. Qd2 Qxd2 39. R1xd2 Kg7 40. Rd4 Rxd4 41. Rxd4 f5 42. g3 Kf6 43. Kg2 Re5 44. Kf3 Ke6 45. Rh4 h5 46. g4 hxg4+ 47. hxg4 fxg4+ 48. Rxg4 g5 49. Ke2 d5 50. cxd5+ Rxd5 51. Rc4 Kd6 52. f4 gxf4 53. exf4 b5 54. Re4 Rh5 55. Kd3 bxa4 56. bxa4 Kd5 57. Re3 c5 58. Rf3 Rf5 59. Rf1 c4+ 60. Kc3 Kc5 61. Rf2 Rh5 62. f5 Rh3+ 63. Kb2 Kb4 64. f6 Rh8 65. f7 Rf8 66. Rf5 c3+ 67. Kc2 Kxa4 68. Kxc3 Rc8+ 69. Kd4 Rf8 70. Kc4 Rc8+ 71. Rc5 Rf8 72. Rc7 Ka3 73. Kb5 a4 74. Ra7 Kb3 75. Kc6 1/2-1/2

[Event "2nd Sparkasse Trophy Harrwitz Memorial"]
[Site "Bolzano"]
[Date "2025.04.27"]
[Round "6.4"]
[White "Sbarra, Marco"]
[Black "Bodrov, Timofey"]
[Result "0-1"]
[Annotator "NA"]
[ECO "E93"]
[WhiteElo "2125"]
[BlackElo "2113"]
[PlyCount "66"]
[EventDate "2025.04.19"]
[EventType "swiss"]
[EventCountry "ITA"]
[SourceTitle "playchess.com"]
[Source "ChessBase"]
[SourceQuality "1"]
[TimeControl "40/5400+30:900+30"]

1. d4 Nf6 2. c4 g6 3. Nc3 Bg7 4. e4 d6 5. Nf3 O-O 6. Be2 e5 7. d5 Na6 8. Bg5 h6 9. Bh4 g5 10. Bg3 Nh5 11. Nd2 Nf4 12. O-O Nc5 13. f3 a5 14. Bf2 b6 15. Bxc5 bxc5 16. Re1 f5 17. exf5 Bxf5 18. Nde4 h5 19. Bd3 g4 20. fxg4 Bxg4 21. Qc2 Bh6 22. Nf2 Qg5 23. Nce4 Qg7 24. Nxg4 Qxg4 25. Re3 h4 26. h3 Qxg2+ 27. Qxg2+ Nxg2 28. Kxg2 Bxe3 29. Re1 Bd4 30. Re2 Kh8 31. Kh2 Rf3 32. Bc2 Rg8 33. Rg2 Rxg2+ 0-1

[Event "2nd Sparkasse Trophy Harrwitz Memorial"]
[Site "Bolzano"]
[Date "2025.04.27"]
[Round "6.5"]
[White "Gil, Arthur"]
[Black "De Vita, Gianni"]
[Result "1/2-1/2"]
[Annotator "NA"]
[ECO "B33"]
[WhiteElo "1937"]
[BlackElo "1975"]
[PlyCount "147"]
[EventDate "2025.04.19"]
[EventType "swiss"]
[EventCountry "ITA"]
[SourceTitle "playchess.com"]
[Source "ChessBase"]
[SourceQuality "1"]
[TimeControl "40/5400+30:900+30"]

1. e4 c5 2. Nf3 Nc6 3. d4 cxd4 4. Nxd4 Nf6 5. Nc3 e5 6. Ndb5 d6 7. Nd5 Nxd5 8. exd5 Ne7 9. c4 Ng6 10. Bd3 Be7 11. O-O a6 12. Nc3 O-O 13. Be3 Bg5 14. Qh5 Bxe3 15. fxe3 Qb6 16. Nd1 Bd7 17. Kh1 Rae8 18. Qe2 f5 19. Rc1 e4 20. Bb1 Ne5 21. Nf2 Qd8 22. b4 b6 23. Qb2 Qh4 24. Qd4 Rb8 25. Rce1 Rfc8 26. Bd3 Qe7 27. Be2 b5 28. cxb5 Bxb5 29. Bxb5 axb5 30. Nh3 Rc4 31. Qd2 g6 32. Nf4 Rbc8 33. Rc1 Qc7 34. Ne2 Rc2 35. Qxc2 Qxc2 36. Rxc2 Rxc2 37. Nd4 Rxa2 38. Nxb5 Nc4 39. Rb1 Nxe3 40. Nxd6 Nxd5 41. b5 e3 42. Kg1 f4 43. Kf1 Rf2+ 44. Kg1 Nb6 45. Rc1 Rd2 46. Ne4 Rb2 47. Nd6 Kf8 48. h4 Ke7 49. Ne4 Rxb5 50. Ng5 h6 51. Nf3 g5 52. Nd4 Rd5 53. hxg5 hxg5 54. Nf3 Nd7 55. Kf1 Nf6 56. Rc4 Ra5 57. Rb4 Kf7 58. g3 fxg3 59. Rb3 g4 60. Rxe3 gxf3 61. Rxf3 Rg5 62. Kg2 Ke6 63. Rxg3 Ra5 64. Re3+ Kf5 65. Rf3+ Kg5 66. Rb3 Ne4 67. Rb8 Kg4 68. Rg8+ Ng5 69. Kf2 Ra3 70. Ke2 Kf4 71. Rf8+ Ke5 72. Re8+ Ne6 73. Kf2 Kf5 74. Ke2 1/2-1/2

[Event "2nd Sparkasse Trophy Harrwitz Memorial"]
[Site "Bolzano"]
[Date "2025.04.27"]
[Round "6.6"]
[White "Radice, Luca"]
[Black "Di Liberto, Michele"]
[Result "0-1"]
[Annotator "ChessBase"]
[ECO "E24"]
[WhiteElo "1963"]
[BlackElo "2106"]
[PlyCount "70"]
[EventDate "2025.04.19"]
[EventType "swiss"]
[EventCountry "ITA"]
[SourceTitle "playchess.com"]
[Source "ChessBase"]
[SourceQuality "1"]
[TimeControl "40/5400+30:900+30"]

1. d4 Nf6 2. c4 e6 3. Nc3 Bb4 4. a3 Bxc3+ 5. bxc3 b6 6. f3 Bb7 7. e4 d6 8. Bd3 Nbd7 9. Ne2 Qe7 10. O-O e5 11. a4 a5 12. c5 dxc5 13. d5 O-O-O 14. Bb5 Ne8 15. Qb3 Nd6 16. Be3 Nxb5 17. Qxb5 g6 18. c4 Nb8 19. Nc3 Ba6 20. Qb3 Qd6 21. Rab1 Kb7 22. Rfd1 Ka7 23. Rd2 Rhg8 24. Rdb2 Nd7 25. Bd2 Rc8 26. Nb5+ Bxb5 27. axb5 Kb7 28. Bxa5 bxa5 29. b6 cxb6 30. Qa4 Ra8 31. Rb5 Kc7 32. Kf2 f5 33. Ke3 fxe4 34. fxe4 Rgf8 35. g3 Rf6 0-1